 Dungeon Crawl Stone Soup version 0.20-a0-441-g89e74e4 (webtiles) character file.

111 Kriby the Magician (level 4, -13/30 HPs)
             Began as a Mummy Fire Elementalist on Jan 6, 2017.
             Killed by divine providence
             ... invoked by an orc priest
              (14 damage)
             ... on level 3 of the Dungeon.
             The game lasted 00:03:32 (3278 turns).

Kriby the Magician (Mummy Fire Elementalist)        Turns: 3278, Time: 00:03:33

Health: -13/30     AC:  2    Str: 11    XL:     4   Next: 62%
Magic:  6/10       EV: 12    Int: 15    God:
Gold:   37         SH:  0    Dex: 12    Spells: 10/11 levels left

rFire  x . .     SeeInvis .     k - +0 rapier
rCold  + + .     Gourm    .     a - +0 robe
rNeg   + + +     Faith    .     (no shield)
rPois  ∞         Spirit   .     (no helmet)
rElec  .         Reflect  .     (no cloak)
rCorr  .         Harm     .     (no gloves)
MR     .....                    (no boots)
Stlth  ++........               (no amulet)
                                n - +1 ring of slaying
                                o - ring of protection from cold

@: no status effects
A: no food or potions, fire vulnerability, cold resistance 1, negative energy
resistance 3, torment resistance, unbreathing
a: no special abilities


You were on level 3 of the Dungeon.
You were not hungry.

You visited 1 branch of the dungeon, and saw 3 of its levels.

You collected 37 gold pieces.

Inventory:

Hand Weapons
 f - a +0 dagger
 k - a +0 rapier (weapon)
Armour
 a - a +0 robe (worn)
Jewellery
 e - an uncursed ring of protection from magic
 g - an uncursed ring of flight
 n - a +1 ring of slaying (right hand)
 o - a ring of protection from cold (left hand)
Wands
 m - a wand of paralysis (10/24)
Scrolls
 c - a scroll of blinking {unknown}
 d - 3 scrolls of remove curse
 h - 2 scrolls of identify {unknown}
 i - a scroll of enchant weapon {unknown}
 j - a scroll of teleportation {unknown}
 l - a scroll of magic mapping {unknown}
 p - a scroll of fog {unknown}
Books
 b - a book of Flames

   Spells                             Type                      Level
   a - Flame Tongue                   Conjuration/Fire             1
   b - Throw Flame                    Conjuration/Fire             2
   c - Conjure Flame                  Conjuration/Fire             3
   d - Inner Flame                    Hexes/Fire                   3
   e - Sticky Flame                   Conjuration/Fire             4
   f - Fireball                       Conjuration/Fire             5


   Skills:
 - Level 1.5 Dodging
 - Level 1.5 Stealth
 * Level 4.4 Spellcasting
 * Level 2.3 Conjurations
 + Level 2.8 Fire Magic


You had 10 spell levels left.
You knew the following spells:

 Your Spells              Type           Power        Failure   Level  Hunger
a - Flame Tongue          Conj/Fire      ##...        8%          1    N/A

Dungeon Overview and Level Annotations

Branches:
Dungeon (3/15)

Altars:


Innate Abilities, Weirdness & Mutations

You do not eat or drink.
Your flesh is vulnerable to fire.
You are immune to poison.
Your flesh is cold resistant. (rC+)
You are immune to negative energy. (rN+++)
You are immune to unholy pain and torment.
You can survive without breathing.


Message History

Casting: Flame Tongue
Confirm with . or Enter, or press ? or * to list all spells.
Aiming: Flame Tongue
Press: ? - help, Shift-Dir - straight line, f/p - orc
Aim: an orc, wielding a mace and wearing a leather armour The flame tongue hits the orc.
The orc is moderately wounded.
The orc priest invokes the aid of Beogh against you.
Beogh smites you!
* * * LOW HITPOINT WARNING * * *
Casting: Flame Tongue
Confirm with . or Enter, or press ? or * to list all spells.
Aiming: Flame Tongue
Press: ? - help, Shift-Dir - straight line, f/p - orc
Aim: an orc, wielding a mace and wearing a leather armour (moderately wounded)
The flame tongue hits the orc.
The orc is heavily wounded.
The orc priest calls down the wrath of Beogh upon you.
Beogh smites you!
You die...

.........!............# #....
......%..........<....# #....
......................# ###...
#......................## ##....#
##.....##..............)###..##.#
########...##........#<##.......
#...##........#÷##.......
######.#.###.##.......... #.#@#
#.##...#......
#.#o###..[..........
####.#o##..............
##......................
#....................>..
#........................
#.......o................
#.....................#..
#..............##########


You could see an orc priest and 2 orcs.

Vanquished Creatures
  A gnoll (D:2)
  2 adders (D:2)
  A worm (D:3)
  2 dart slugs
  2 leopard geckos (D:2)
  5 orcs
  A ball python (D:1)
  10 bats
  2 giant cockroaches
  7 goblins
  8 hobgoblins
  3 jackals (D:1)
  8 kobolds
  2 quokkas
  7 frilled lizards
  6 rats
67 creatures vanquished.

Notes
Turn   | Place    | Note
-------+----------+-------------------------------------------
     0 | D:1      | Kriby the Mummy Fire Elementalist began the quest for the Orb.
     0 | D:1      | Reached XP level 1. HP: 13/13 MP: 4/4
    88 | D:1      | Reached skill level 1 in Conjurations
   353 | D:1      | Reached XP level 2. HP: 19/19 MP: 3/5
   397 | D:1      | Reached skill level 3 in Spellcasting
  1109 | D:1      | Reached XP level 3. HP: 24/24 MP: 3/7
  1728 | D:2      | Reached skill level 4 in Spellcasting
  1768 | D:2      | Reached XP level 4. HP: 27/30 MP: 5/10
  3277 | D:3      | HP: 1/30 [orc priest/divine providence (14)]
  3278 | D:3      | Killed from afar by an orc priest

Vault maps used:
D:1:      minmay_arrival_open_corners, hangedman_decor_clover_reticule
D:3:      first_bread

Skill      XL: |  1  2  3  4 |
---------------+-------------+-----
Conjurations   | 1 2 |  2.3
Spellcasting   | 3 4 |  4.4
Dodging        | |  1.5
Stealth        | |  1.5
Fire Magic     | |  2.8

Action                   |  1- 3 |  4- 6 || total
-------------------------+-------+-------++-------
Melee: Unarmed           |    11 |       ||    11
       Dagger            |    15 |       ||    15
       Rapier            |       |     1 ||     1
 Cast: Flame Tongue      |    70 |    56 ||   126
  Use: Scroll            |       |     1 ||     1
Armor: Robe              |    19 |     2 ||    21
Dodge: Dodged            |    67 |    13 ||    80
